 Dungeon Crawl Stone Soup version 0.19.3-4-gbf9329e (webtiles) character file.

13857 empire the Fighter (level 11, -1/112 HPs)
             Began as a Minotaur Fighter on Jan 27, 2017.
             Was an Initiate of Gozag.
             Slain by Rupert
             ... wielding a +3 vampiric great sword
              (28 damage)
             ... on level 12 of the Dungeon.
             The game lasted 00:33:33 (10121 turns).

empire the Fighter (Minotaur Fighter)              Turns: 10121, Time: 00:33:34

Health: -1/112     AC: 20    Str: 32 (33) XL:     11   Next: 81%
Magic:  14/14      EV: 11    Int:  7      God:    Gozag
Gold:   1145       SH: 15    Dex: 19      Spells: 0 memorised, 10 levels left

rFire  . . .     SeeInvis .     a - +1 long sword
rCold  x . .     Gourm    .     b - +0 scale mail
rNeg   + . .     Faith    .     c - +1 shield
rPois  .         Spirit   .     J - +2 hat
rElec  .         Reflect  .     (no cloak)
rCorr  .         Harm     .     l - +3 pair of gloves of Repulsion {rC- Dex+4 Stlth+}
MR     .....     Rnd*Rage +     H - +4 pair of boots of Orthodoxy {*Corrode Int+2 Dex+3}
Stlth  +.........               t - amulet of magic regeneration
                                r - ring of positive energy
                                D - +6 ring of strength (curse)

@: mighty, drained
A: retaliatory headbutt, horns 2, repulsion field 1, berserk 1, deterioration 1,
robust 1
a: Potion Petition, Call Merchant, Bribe Branch, Renounce Religion


You were on level 12 of the Dungeon.
You worshipped Gozag.
Gozag was most pleased with you.
You were not hungry.

You visited 2 branches of the dungeon, and saw 13 of its levels.

You collected 2189 gold pieces.
You spent 1024 gold pieces at shops.
You paid 20 gold pieces to Gozag.

Inventory:

Hand Weapons
 a - a +1 long sword (weapon)
 h - a +3 short sword
 m - a cursed +2 scimitar of freezing
 o - a cursed +1 falchion
 p - a +0 shortbow of flaming
 u - a +2 falchion of holy wrath
 B - a +0 short sword of venom
 R - a +2 dagger of draining
Armour
 b - a +0 scale mail (worn)
 c - a +1 shield (worn)
 l - the +3 pair of gloves of Repulsion (worn) {rC- Dex+4 Stlth+}
   (You bought it in a shop on level 4 of the Dungeon)

   It affects your dexterity (+4).
   It makes you vulnerable to cold.
   It makes you more stealthy.
 F - a +0 leather armour of positive energy
 H - the +4 pair of boots of Orthodoxy (worn) {*Corrode Int+2 Dex+3}
   (You bought it in a shop on level 4 of the Dungeon)

   It affects your intelligence (+2).
   It affects your dexterity (+3).
   It may corrode you when you take damage.
 I - a +1 robe of positive energy
 J - a +2 hat (worn)
Jewellery
 e - an uncursed ring of ice
 g - an uncursed ring of positive energy
 r - a ring of positive energy (right hand)
 t - an amulet of magic regeneration (around neck)
 D - a cursed +6 ring of strength (left hand)
 K - an uncursed ring of flight
Wands
 z - a wand of polymorph (24/24)
 C - a wand of random effects (16/48)
 E - a wand of iceblast (4/15)
 G - a wand of flame (14/48)
 L - a wand of iceblast (6/15)
 O - a wand of iceblast (6/15)
 U - a wand of iceblast (2/15)
Scrolls
 n - 3 scrolls of immolation
 q - 12 scrolls of remove curse
 s - a scroll of recharging
 v - 3 scrolls of teleportation
 x - 4 scrolls of magic mapping
 y - 3 scrolls of blinking
 A - 2 scrolls of enchant weapon
 Q - 2 scrolls of noise
 V - 3 scrolls of amnesia
 X - 3 scrolls of torment
Potions
 d - a potion of might
 i - 4 potions of curing
 j - 2 potions of brilliance
 w - a potion of mutation
 P - a potion of ambrosia
 W - 2 potions of cancellation
Books
 k - a book of Misfortune

   Spells                             Type                      Level
   a - Confusing Touch                Hexes                        1
   b - Confuse                        Hexes                        3
   c - Gell's Gravitas                Hexes/Translocation          3
   d - Petrify                        Transmutation/Earth          4
   e - Metabolic Englaciation         Hexes/Ice                    5
   f - Yara's Violent Unravelling     Hexes/Transmutation          5
Comestibles
 f - 7 bread rations
 M - 4 beef jerkies
 N - 7 meat rations


   Skills:
 + Level 11.3(10.7) Fighting
 + Level 10.8(10.3) Long Blades
   Level 3.4(3.0) Polearms
 + Level 11.0(10.5) Armour
 + Level 11.2(10.7) Shields
 + Level 5.9(5.5) Evocations


You had 10 spell levels left.
You didn't know any spells.

Dungeon Overview and Level Annotations

Branches:
Dungeon (12/15)            Temple (1/1) D:4            Lair (0/6) D:11
    Orc: D:9-12

Altars:
Ashenzari
Gozag
Hepliaklqana
Makhleb
Vehumet
Yredelemnul
The Shining One

Shops:
D:4 ([   D:11 *

Annotations:
D:12 Josephine, Rupert


Innate Abilities, Weirdness & Mutations

You reflexively headbutt those who attack you in melee.
You have a pair of horns on your head.
You are surrounded by a mild repulsion field. (EV +2)
You tend to lose your temper in combat.
Your body sometimes deteriorates upon taking damage.
You are robust. (+10% HP)


Message History

Rupert is moderately wounded.
You block Josephine's attack. You block Rupert's attack.
You completely miss Rupert. Your headbutt misses Rupert.
Rupert is moderately wounded.
You block Rupert's attack. You block Josephine's attack.
You barely miss Rupert.
Rupert is moderately wounded.
You block Rupert's attack. Josephine hits you but does no damage.
You hit Rupert. Your headbutt misses Rupert.
Rupert is moderately wounded.
Rupert hits you with a vampiric great sword!
Josephine hits you but does no damage.
You feel better.
Rupert hits you with a vampiric great sword!!
* * * LOW HITPOINT WARNING * * *
Your body deteriorates!
You feel weakened. Rupert draws strength from your wounds!
Josephine hits you but does no damage.
Rupert hits you with a vampiric great sword!!
You die...
Your body crumbles into a pile of gold.

#........##..#W......
#........###.#.....W.
##........#
#.@@......
..........#
###WW.....
##.....W..# .......
######.### #..##.#
#W@# .... . ##@######
..$.# #.@.....# .≈##
#.......# .#≈
#[<.....#
#...........#
+.###.........
#.......## #.......#
#####.### .#


You could see Rupert (berserk), Josephine and 2 wraiths.

Vanquished Creatures
  Gastronok (D:12)
  Nergalle (D:10)
  3 unseen horrors
  2 hill giants
  Pikel (D:4)
  An oklob plant (D:11)
  An ugly thing (D:11)
  A cyclops (D:11)
  A merfolk (D:10)
  A troll (D:9)
  Grinder (D:5)
  A hippogriff (D:10)
  A wraith (D:12)
  5 yaks (D:11)
  The ghost of dscm the Shield-Bearer, an amateur DsFi (D:4)
  Menkaure (D:7)
  A mottled dragon (D:11)
  A water moccasin (D:10)
  Duvessa (D:5)
  An ice beast (D:10)
  4 orc warriors
  2 sky beasts (D:9)
  6 ogres
  4 phantoms
  11 centaurs
  A crocodile (D:11)
  A big kobold (D:11)
  The ghost of TryAgain the Magician, an amateur DEAE (D:3)
  8 bullfrogs
  Dowan (D:5)
  4 scorpions
  10 wights
  3 crimson imps
  2 centaur zombies
  A bullfrog zombie (D:11)
  A quasit (D:8)
  4 hounds
  5 jellies
  6 orc priests
  7 orc wizards
  6 bullfrog skeletons
  A centaur skeleton (D:8)
  2 iguanas
  Natasha (thrice) (D:4 D:6)
  4 worker ants
  3 hound zombies
  A hound skeleton (D:6)
  4 gnolls (D:3)
  2 howler monkey skeletons
  9 adders
  6 shadow imps
  2 oozes
  2 adder skeletons
  2 worms
  5 dart slugs
  A leopard gecko (D:3)
  34 orcs
  3 bats (D:2)
  10 giant cockroaches
  10 hobgoblins
  14 jackals
  11 kobolds
  2 quokkas
  3 ball pythons
  5 frilled lizards
  7 goblins
  A jackal skeleton (D:5)
  3 rats
  6 plants (D:11)
271 creatures vanquished.

Vanquished Creatures (others)
  A yak (D:11)
  A bat (D:3)
2 creatures vanquished.

Grand Total: 273 creatures vanquished

Notes
Turn   | Place    | Note
-------+----------+-------------------------------------------
     0 | D:1      | empire the Minotaur Fighter began the quest for the Orb.
     0 | D:1      | Reached XP level 1. HP: 19/19 MP: 0/0
   117 | D:1      | Reached XP level 2. HP: 27/27 MP: 1/1
   851 | D:2      | Reached XP level 3. HP: 31/33 MP: 2/2
  1316 | D:2      | Found a basalt altar of Yredelemnul.
  1707 | D:3      | Reached XP level 4. HP: 40/40 MP: 3/3
  1966 | D:3      | Found a glowing golden altar of the Shining One.
  1966 | D:3      | Found a shattered altar of Ashenzari.
  1966 | D:3      | Found an opulent altar of Gozag.
  1973 | D:3      | Became a worshipper of Gozag Ym Sagoz the Greedy
  2155 | D:3      | Noticed TryAgain's ghost (amateur DEAE)
  2173 | D:3      | Killed TryAgain's ghost
  2173 | D:3      | Reached skill level 5 in Shields
  2173 | D:3      | Reached XP level 5. HP: 32/47 MP: 4/4
  2252 | D:3      | Reached skill level 5 in Fighting
  2528 | D:4      | Noticed Natasha
  2534 | D:4      | Killed Natasha
  2534 | D:4      | Reached skill level 5 in Armour
  2543 | D:4      | Reached XP level 6. HP: 50/56 MP: 5/5
  2597 | D:4      | Found a staircase to the Ecumenical Temple.
  2634 | D:4      | Reached skill level 5 in Long Blades
  2634 | D:4      | Reached XP level 7. HP: 33/62 MP: 6/6
  2899 | D:4      | Noticed Natasha
  2916 | D:4      | Killed Natasha
  3222 | D:4      | Found Serch's Antique Armour Shoppe.
  3222 | D:4      | Found Poshrao's Jewellery Shoppe.
  3223 | D:4      | Found Plog's Antique Weapon Shoppe.
  3226 | D:4      | Found Nofenyus's Food Shoppe.
  3237 | D:4      | Bought a pair of spiked gloves for 266 gold pieces
  3242 | D:4      | Identified the +3 pair of gloves of Repulsion {rC- Dex+4 Stlth+} (You bought it in a shop on level 4 of the Dungeon)
  3318 | D:4      | Noticed dscm's ghost (amateur DsFi)
  3322 | D:4      | Noticed Pikel
  3335 | D:4      | Killed dscm's ghost
  3345 | D:4      | Killed Pikel
  3345 | D:4      | Reached XP level 8. HP: 16/73 MP: 7/7
  3813 | D:5      | Entered Level 5 of the Dungeon
  3844 | D:5      | Noticed Duvessa
  3844 | D:5      | Noticed Dowan
  3861 | D:5      | Killed Duvessa
  3887 | D:5      | Killed Dowan
  4191 | D:5      | Found a burning altar of Makhleb.
  4216 | D:5      | Noticed Grinder
  4225 | D:5      | Killed Grinder
  4407 | D:5      | Reached XP level 9. HP: 81/81 MP: 8/8
  4584 | D:4      | Bought a pair of heavily runed boots for 266 gold pieces
  4589 | D:4      | Identified the +4 pair of boots of Orthodoxy {*Corrode Int+2 Dex+3} (You bought it in a shop on level 4 of the Dungeon)
  4630 | Temple   | Entered the Ecumenical Temple
  4725 | D:6      | Noticed Natasha
  4736 | D:6      | Killed Natasha
  4785 | D:6      | Found a radiant altar of Vehumet.
  5133 | D:7      | Reached skill level 1 in Evocations
  5177 | D:7      | Found an opulent altar of Gozag.
  5180 | D:7      | Noticed Menkaure
  5187 | D:7      | Killed Menkaure
  5296 | D:7      | Identified the Catalogue of the Cloudy Traveller
  5588 | D:4      | Bought a fruit for 16 gold pieces
  5588 | D:4      | Bought a bread ration for 55 gold pieces
  5588 | D:4      | Bought a beef jerky for 16 gold pieces
  5588 | D:4      | Bought a meat ration for 55 gold pieces
  5588 | D:4      | Bought a meat ration for 55 gold pieces
  5588 | D:4      | Bought a meat ration for 55 gold pieces
  5588 | D:4      | Bought a beef jerky for 16 gold pieces
  5588 | D:4      | Bought a meat ration for 55 gold pieces
  6028 | D:8      | Found a hazy altar of Hepliaklqana.
  6344 | D:9      | Noticed a troll
  6351 | D:9      | Killed a troll
  6351 | D:9      | Reached XP level 10. HP: 90/91 MP: 11/11
  6382 | D:9      | Reached skill level 1 in Polearms
  7605 | D:10     | Entered Level 10 of the Dungeon
  7609 | D:10     | Noticed Nergalle
  7629 | D:10     | Killed Nergalle
  7668 | D:10     | Noticed a hill giant
  7674 | D:10     | Killed a hill giant
  7764 | D:10     | Killed an unseen horror
  7764 | D:10     | Reached skill level 10 in Fighting
  7869 | D:10     | Gained mutation: You are robust. (+10% HP) [potion of beneficial mutation]
  8148 | D:4      | Bought a meat ration for 55 gold pieces
  8148 | D:4      | Bought a bread ration for 55 gold pieces
  8418 | D:10     | Killed an unseen horror
  8418 | D:10     | Reached skill level 10 in Armour
  8418 | D:10     | Reached skill level 10 in Shields
  8595 | D:10     | Reached XP level 11. HP: 111/111 MP: 13/13
  8716 | D:11     | Reached skill level 10 in Long Blades
  8926 | D:11     | Reached skill level 5 in Evocations
  8991 | D:11     | Noticed a red ugly thing
  9003 | D:11     | Killed a red ugly thing
  9015 | D:11     | Found a staircase to the Lair.
  9021 | D:11     | Noticed an oklob plant
  9029 | D:11     | Killed an oklob plant
  9168 | D:11     | Killed an unseen horror
  9663 | D:11     | Found Kofeuc Sill's Assorted Antiques.
  9669 | D:11     | Bought 2 viscous purple potions for 59 gold pieces
  9805 | D:11     | Noticed a hill giant
  9817 | D:11     | Killed a hill giant
 10050 | D:12     | Noticed Gastronok
 10062 | D:12     | Gained mutation: You tend to lose your temper in combat. [potion of mutation]
 10062 | D:12     | Gained mutation: Your body sometimes deteriorates upon taking damage. [potion of mutation]
 10062 | D:12     | Gained mutation: You are surrounded by a mild repulsion field. (EV +2) [potion of mutation]
 10069 | D:12     | Killed Gastronok
 10088 | D:12     | Noticed Rupert
 10089 | D:12     | Noticed Josephine
 10100 | D:12     | Paralysed by Rupert for 2 turns
 10121 | D:12     | Slain by Rupert

Skill      XL: |  1  2  3  4  5  6  7  8  9 10 11 |
---------------+----------------------------------+-----
Shields        | 4 5 7 9 10 11 | 11.2
Fighting       | 4 5 7 8 9 10 11 | 11.3
Armour         | 4 5 7 9 10 11 | 11.0
Long Blades    | 3 4 5 6 7 8 9 10 | 10.8
Evocations     | 2 4 5 |  5.9
Polearms       | 3 |  3.4

Action                   |  1- 3 |  4- 6 |  7- 9 | 10-12 || total
-------------------------+-------+-------+-------+-------++-------
Melee: Long sword        |    78 |    95 |   315 |   450 ||   938
       Headbutt          |    17 |    13 |    93 |   175 ||   298
Invok: Potion Petition   |       |       |       |     1 ||     1
Evoke: Wand              |       |       |       |     4 ||     4
  Use: Potion            |       |     2 |     5 |    15 ||    22
       Scroll            |       |       |    19 |     7 ||    26
 Stab: Distracted        |       |       |     2 |     4 ||     6
       Sleeping          |       |       |       |     2 ||     2
       Invisible         |       |       |       |    12 ||    12
  Eat: Chunk             |     3 |       |       |       ||     3
       Meat ration       |       |     1 |       |     1 ||     2
       Beef jerky        |       |       |     2 |       ||     2
       Pizza             |       |       |     1 |     1 ||     2
       Bread ration      |       |       |     1 |       ||     1
       Fruit             |       |       |       |    11 ||    11
Armor: Scale mail        |    34 |    25 |   153 |   226 ||   438
Dodge: Dodged            |    21 |    31 |   102 |    94 ||   248
Block: Shield            |    49 |    48 |   224 |   260 ||   581
       Rpst.: Long sword |     3 |     9 |    27 |    26 ||    65
